 Dungeon Crawl Stone Soup version 0.31-a0-233-g139696dc86 (webtiles) character file.

Game seed: 14709556416094124558

2692 Demosthentine the Trooper (level 9, -4/60 (63) HPs)
             Began as a Demonspawn Gladiator on July 9, 2023.
             Was a Follower of Hepliaklqana.
             Killed from afar by an orc sorcerer (6 damage)
             ... with a bolt of negative energy
             ... in a bailey.
             The game lasted 00:06:40 (6942 turns).

Demosthentine the Trooper (Demonspawn Gladiator)    Turns: 6942, Time: 00:06:41

HP:   -4/60 (63)    AC:  8    Str: 16    XL:     9   Next: 38%
MP:   9/9           EV: 15    Int:  9    God:    Hepliaklqana [*.....]
Gold: 260           SH:  0    Dex: 18    Spells: 8/8 levels left

rFire   . . .        a - +1 trident (drain)
rCold   + . .        (no shield)
rNeg    . . .        u - +0 troll leather armour
rPois   .            (helmet restricted)
rElec   .            (no cloak)
rCorr   .            (no gloves)
SInv    .            r - +2 pair of boots {Stlth+}
Will    .....        (no amulet)
Stlth   ++           c - ring of protection from cold
HPRegen 1.10/turn    l - ring of flight
MPRegen 0.22/turn

%: no passive effects
@: mighty, spiked, flying, lightly drained
A: reduced essence, antennae 2, powered by pain 1, magic regeneration, weakness
stinger 2
a: Renounce Religion, Recall Ancestor, Ancestor Identity


You were in a bailey.
You worshipped Hepliaklqana.
Hepliaklqana was aware of your devotion.
You visited 2 branches of the dungeon, and saw 8 of its levels.
You also visited: Ossuary and Bailey.

You collected 260 gold pieces.

Inventory:

Hand Weapons
 a - a +1 trident of draining (weapon)
Missiles
 d - 5 throwing nets (quivered)
 e - a javelin
Armour
 r - a +2 pair of boots of stealth (worn)
 u - a +0 troll leather armour (worn)
Jewellery
 c - a ring of protection from cold (left hand)
 l - a ring of flight (right hand)
Wands
 o - a wand of iceblast (10)
 q - a wand of paralysis (3)
 t - a wand of mindburst (16)
Scrolls
 g - 2 scrolls of enchant armour
 j - 4 scrolls of teleportation
 n - a scroll of noise
 s - 5 scrolls of identify
 x - a scroll of blinking
Potions
 b - 2 potions of attraction {unknown}
 f - a potion of haste
 h - 4 potions of curing
 i - 2 potions of heal wounds
 k - a potion of mutation
 m - 10 potions of lignification
 p - a potion of brilliance
 v - a potion of might {unknown}
 w - 3 potions of degeneration {unknown}


   Skills:
 + Level 6.7 Fighting
 + Level 6.4 Polearms
 - Level 1.7 Throwing
 + Level 5.7 Armour
 + Level 6.5 Dodging


You had 8 spell levels left.
You didn't know any spells.
Your spell library contained the following spells:

 Spells                   Type           Power      Damage    Failure   Level
 Magic Dart               Conj           0%         1d3       43%         1
 Call Imp                 Summ           0%         N/A       58%         2
 Inner Flame              Hex/Fire       0%         N/A       82%         3
 Mephitic Cloud           Conj/Pois/Air  0%         N/A       82%         3
 Flame Wave               Conj/Fire      0%         2d4       99%         4
 Sticky Flame             Conj/Fire      0%         2d3       99%         4


Dungeon Overview and Level Annotations

Branches:
Dungeon (7/15)             Temple (1/1) D:4         Ossuary (visited)
 Bailey (1/1)

Altars:
Ashenzari
Cheibriados
Dithmenos
Fedhas
Gozag
Hepliaklqana
Kikubaaqudgha
Makhleb
Nemelex Xobeh
Okawaru
Qazlal
Ru
Sif Muna
Trog
Uskayaw
Vehumet
Wu Jian
Xom
Yredelemnul

Shops:
D:1 ?   D:3 :   D:4 ?   D:5 ::   D:6 :


Innate Abilities, Weirdness & Mutations

Your life essence is reduced to manifest your ancestor. (-10% HP)
You have a pair of antennae on your head.
You sometimes gain a little power by taking damage.
You regenerate magic rapidly.
You have a tail ending in a sharp stinger.


Message History

You hit the orc sorcerer. You drain the orc sorcerer.
You tail-slap the orc sorcerer, but do no damage.
The orc sorcerer is moderately wounded.
Tiberius hits the orc sorcerer.
The red devil misses you. The orc sorcerer barely misses you.
The orc sorcerer hits Tiberius with a +0 war axe.
Unknown command.
You hit the orc sorcerer. You drain the orc sorcerer.
Your tail-slap misses the orc sorcerer.
The orc sorcerer is severely wounded.
Tiberius misses the orc sorcerer.
The red devil hits you from afar with a +0 trident!!
You focus on the pain.
You feel very mighty all of a sudden.
Barbed spikes become lodged in your body.
The orc sorcerer misses you.
The orc sorcerer hits Tiberius with a +0 war axe.
You hit the orc sorcerer.
The orc sorcerer is almost dead.
Tiberius hits the orc sorcerer.
The red devil hits you from afar with a +0 trident.
Barbed spikes become lodged in your body.
The orc sorcerer points at you and mumbles some strange words.
The bolt of negative energy hits you!
You feel drained.
* * * LOW HITPOINT WARNING * * *
Throw: 6 throwing nets
Press: ? - help, Q - select action, (/) - cycle Shift-Dir - straight line, f/p - orc sorcerer
Aim: an orc sorcerer, wielding a +0 war axe and wearing a +0 ring mail (almost dead, lightly drained, ally target, 61% to hit)
You throw a throwing net.
The throwing net barely misses the orc sorcerer.
The throwing net hits the goblin.
The goblin is caught in the net!
Tiberius barely misses the orc sorcerer.
You barely miss the orc sorcerer.
The orc sorcerer is almost dead.
The red devil hits you from afar with a +0 trident!!
* * * LOW HITPOINT WARNING * * *
Barbed spikes become lodged in your body.
The orc sorcerer gestures at you while chanting.
The bolt of negative energy hits you.
You feel drained.
You die...

{ #.~≈≈≈≈≈≈ #.~≈≈≈≈≈≈
{#.~≈≈≈≈≈≈ { #.~≈≈≈≈≈≈
###+##+#'#≈≈≈≈≈≈ #
#.[[#....#≈≈≈≈≈≈ #.
#.[[#..).#≈≈≈≈≈≈
#####4######..###≈≈≈≈≈≈
....g∩o@......+ ≈≈≈≈≈
~~~~~~~R~~~#### ≈≈≈≈
≈≈≈≈≈≈≈≈≈≈≈≈≈≈≈
≈≈≈≈≈≈≈≈≈≈≈≈≈≈≈≈
≈≈≈≈≈≈≈≈≈≈≈≈≈≈≈≈≈
≈≈≈≈≈≈≈≈≈≈≈≈≈≈≈≈≈
≈≈≈≈≈≈≈≈≈≈≈≈≈≈≈≈≈
#################


You could see the friendly Tiberius the ancestor, an orc sorcerer (drained, ally
target), a red devil (summoned) and a goblin (caught).

Vanquished Creatures
  5 yaks (D:6)
  2 orc warriors (Bailey)
  2 black bears (D:6)
  An ogre (D:4)
  A centaur (D:6)
  2 phantoms (D:5)
  A bullfrog (D:7)
  2 elf zombies (Ossuary)
  3 scorpions
  A gnoll sergeant (D:5)
  A howler monkey (D:6)
  5 hounds
  A jelly (D:5)
  A gnoll bouda (D:6)
  An iron imp (D:3)
  3 iguanas (D:5)
  An orc wizard (D:7)
  2 mummies (Ossuary)
  11 gnolls
  7 adders
  4 white imps
  2 ufetubi
  2 worms
  A dart slug (D:5)
  9 orcs
  3 bats
  7 endoplasms
  A giant cockroach (D:4)
  2 gnoll zombies (Ossuary)
  10 goblins
  6 hobgoblins
  4 jackals
  10 kobolds
  6 quokkas
  8 ball pythons
  4 frilled lizards
  A goblin zombie (Ossuary)
  A kobold zombie (Ossuary)
  3 rats
137 creatures vanquished.

Vanquished Creatures (collateral kills)
  A human zombie (Ossuary)
  An orc wizard (D:7)
  A statue (D:6)
  2 mummies (Ossuary)
  An adder (D:6)
  An ufetubus (D:6)
  An adder zombie (Ossuary)
  A gnoll zombie (Ossuary)
  A hobgoblin zombie (Ossuary)
  A jackal zombie (Ossuary)
  A rat zombie (Ossuary)
12 creatures vanquished.

Vanquished Creatures (others)
  2 ancestors (D:6)
2 creatures vanquished.

Grand Total: 151 creatures vanquished

Notes
Turn   | Place    | Note
-------+----------+-------------------------------------------
     0 | D:1      | Demosthentine the Demonspawn Gladiator began the quest for
                  | the Orb.
     0 | D:1      | Reached XP level 1. HP: 16/16 MP: 1/1
    19 | D:1      | Found Ohamops's Magic Scroll Emporium.
    99 | D:1      | Gained mutation: You sometimes gain a little power by
                  | taking damage. [demonic ancestry]
    99 | D:1      | Reached XP level 2. HP: 17/22 MP: 2/2
   795 | D:2      | Reached skill level 1 in Armour
   886 | D:2      | Gained mutation: You regenerate magic rapidly. [demonic
                  | ancestry]
   886 | D:2      | Reached XP level 3. HP: 28/28 MP: 3/3
  1829 | D:3      | Identified the +2 cloak "Gean" {rF++}
  1868 | D:3      | Found Xubucs's Book Shoppe.
  1872 | D:3      | Discovered your monstrous ancestry.
  1872 | D:3      | Gained mutation: You have a small tail. [demonic ancestry]
  1872 | D:3      | Reached XP level 4. HP: 34/34 MP: 4/4
  1999 | D:3      | Found an ornate altar of the Wu Jian Council.
  2044 | D:3      | Found a snail-covered altar of Cheibriados.
  2707 | D:4      | Found Muagyzuhu's Magic Scroll Shop.
  2908 | D:4      | Found an ancient bone altar of Kikubaaqudgha.
  3051 | D:4      | Found a staircase to the Ecumenical Temple.
  3051 | D:4      | Noticed an ogre
  3061 | D:4      | Killed an ogre
  3062 | D:4      | Reached XP level 5. HP: 39/41 MP: 5/5
  3073 | Temple   | Entered the Ecumenical Temple
  3205 | Temple   | Became a worshipper of Hepliaklqana the Forgotten
  3755 | D:5      | Entered Level 5 of the Dungeon
  3833 | D:5      | Reached XP level 6. HP: 44/47 MP: 6/6
  4588 | D:5      | Found a shimmering altar of Xom.
  4620 | D:5      | Gained mutation: You have a pair of small antennae on your
                  | head. [demonic ancestry]
  4620 | D:5      | Reached XP level 7. HP: 41/54 MP: 7/7
  4689 | D:5      | Found Xonatah's Book Shop.
  4946 | D:5      | Found a hide-covered altar of Uskayaw.
  5134 | D:5      | Found Ubluure's Tiny Tomes.
  5336 | D:6      | Reached * piety under Hepliaklqana
  5356 | D:6      | Found Ishryir's Book Emporium.
  5393 | D:6      | Identified the +1 robe of Protective Custody {Dex+5}
  5611 | D:6      | Reached skill level 5 in Dodging
  5615 | D:6      | Noticed a yak
  5616 | D:6      | Noticed a yak
  5619 | D:6      | Noticed a yak
  5620 | D:6      | Noticed a yak
  5621 | D:6      | Noticed a yak
  5676 | D:6      | Killed a yak
  5677 | D:6      | Reached skill level 5 in Fighting
  5677 | D:6      | Reached skill level 5 in Polearms
  5677 | D:6      | Gained mutation: You have a tail ending in a sharp stinger.
                  | [demonic ancestry]
  5677 | D:6      | Reached XP level 8. HP: 38/55 MP: 8/8
  5842 | D:6      | Reached skill level 5 in Armour
  6100 | D:6      | Found a radiant altar of Vehumet.
  6106 | D:6      | Gained mutation: You have a pair of antennae on your head.
                  | [demonic ancestry]
  6106 | D:6      | Reached XP level 9. HP: 60/62 MP: 9/9
  6601 | D:7      | Found a flagged portal.
  6602 | D:7      | Found a sand-covered staircase.
  6613 | Ossuary  | Entered an ossuary
  6829 | Bailey   | Entered a bailey
  6929 | Bailey   | Noticed an orc sorcerer
  6935 | Bailey   | Noticed a red devil
  6942 | Bailey   | HP: 2/61 [red devil/+0 trident[an orc sorcerer] (18)]
  6942 | Bailey   | Killed from afar by an orc sorcerer

Illustrated notes

Levels and vault maps discovered:
D:1:      dpeg_arrival_tiny_k, layout_basic, serial_shops, shop, minivault_4,
          serial_bayou_lake_a
D:2:      kennysheep_six_static_rooms, layout_loops_ring, grunt_ministairs_10
D:3:      layout_basic, mainiacjoe_overflow_surrounded_room, slow_altar_1,
          serial_shops, shop
D:4:      layout_loops_corners, mainiacjoe_overflow_catwalk,
          minmay_temple_entry_ruins, serial_shops, shop
D:5:      layout_basic, nicolae_uskayaw_suspiria, tgw_xom, serial_shops,
          nicolae_shop_stone, hangedman_abyss_or_decor_stabs,
          minmay_misc_feat_x, nicolae_shop_i_like_small_books_too,
          grunt_decor_resistance, roderic_serpentine_path, st_stairs_1
D:6:      layout_basic, vehumet_statue, zin_statuary, serial_shops,
          shop_fountains, hangedman_abyss_or_decor_passed,
          kennysheep_generic_room_15
D:7:      layout_basic, tso_altar, enter_ossuary_1, enter_bailey_2,
          serial_park_tiny_2
Temple:   jpeg_temple_clearing
Bailey:   bailey_axe_of_yendor_kennysheep, bailey

Skill      XL: |  1  2  3  4  5  6  7  8 |
---------------+-------------------------+-----
Polearms       | 3 4 5 6 |  6.4
Armour         | 1 2 3 4 5 |  5.7
Dodging        | 3 4 5 6 |  6.5
Fighting       | 3 4 5 6 |  6.7
Throwing       | |  1.7

Action                     |  1- 3 |  4- 6 |  7- 9 || total
---------------------------+-------+-------+-------++-------
  Melee: Trident           |   150 |   159 |   272 ||   581
         Punch             |     1 |       |     2 ||     3
         Tailslap          |       |    15 |    32 ||    47
  Throw: Throwing net      |       |       |     1 ||     1
 Invoke: Recall Ancestor   |       |       |     1 ||     1
    Use: Scroll            |     9 |     4 |     2 ||    15
         Potion            |       |       |     3 ||     3
   Stab: Sleeping          |     2 |     5 |     9 ||    16
         Distracted        |       |       |     3 ||     3
 Armour: Leather armour    |    45 |    41 |    16 ||   102
         Troll leather arm |       |       |    29 ||    29
  Dodge: Dodged            |    90 |    84 |   179 ||   353

Table legend: (Time is in decaauts)
 A = Elapsed time spent in this place.
 B = Non-inter-level travel time spent in this place.
 C = Inter-level travel time spent in this place.
 D = Time resting spent in this place.
 E = Time spent auto-exploring this place.
 F = Levels seen in this place.
 G = Mean time per level.
                   A        B        C        D        E       F      G
               +--------+--------+--------+--------+--------+-----+--------+
         Total |   7002 |   6770 |    232 |    100 |   5426 |  10 |  700.2 |
       Dungeon |   6522 |   6351 |    171 |    100 |   5204 |   7 |  931.7 |
        Temple |    165 |    104 |     61 |      0 |     82 |   1 |  165.0 |
       Ossuary |    201 |    201 |      0 |      0 |     72 |   1 |  201.0 |
        Bailey |    112 |    112 |      0 |      0 |     68 |   1 |  112.0 |
               +--------+--------+--------+--------+--------+-----+--------+

Top non-repeatable levels by time:
     D:5: 1567 daAuts
     D:6: 1098 daAuts
     D:2: 965 daAuts
     D:4: 964 daAuts
     D:3: 948 daAuts
     D:1: 774 daAuts
     D:7: 203 daAuts
 Ossuary: 201 daAuts
  Temple: 165 daAuts
  Bailey: 112 daAuts
